 Dungeon Crawl Stone Soup version 0.30.1-11-g7821555f0a (webtiles) character file.

Game seed: 838612439251108548

296 shade12474890 the Chopper (level 6, -1/51 HPs)
             Began as a Gnoll Reaver on Nov 8, 2023.
             Slain by an orc wizard
             ... wielding a +5 dagger
              (2 damage)
             ... on level 6 of the Dungeon.
             The game lasted 00:08:49 (1256 turns).

shade12474890 the Chopper (Gnoll Reaver)            Turns: 1256, Time: 00:08:49

Health: -1/51      AC:  6    Str: 13    XL:     6   Next: 34%
Magic:  14/14      EV: 11    Int: 16    God:
Gold:   134        SH:  0    Dex: 10    Spells: 15/15 levels left

rFire   + . .        g - +8 mace "Puufur" {heavy, rF+ Int+3}
rCold   . . .        (no shield)
rNeg    . . .        f - +0 ring mail
rPois   +            (no helmet)
rElec   .            (no cloak)
rCorr   .            c - +0 pair of gloves
SInv    .            (no boots)
Will    .....        (no amulet)
Stlth   +            d - ring of poison resistance
HPRegen 0.28/turn    (no ring)
MPRegen 0.14/turn

%: no passive effects
@: no status effects
A: fangs 1, strong nose, distributed training
a: no special abilities


You were on level 6 of the Dungeon.
You visited 1 branch of the dungeon, and saw 6 of its levels.

You collected 134 gold pieces.

Inventory:

Hand Weapons
 a - a +1 hand axe
 g - the +8 mace "Puufur" (weapon) {heavy, rF+ Int+3}
   (You found it on level 3 of the Dungeon)

   Int:       It affects your intelligence (+3).
   rF:        It protects you from fire.
 h - a +0 war axe
Missiles
 e - 27 stones (quivered)
Armour
 b - a +0 leather armour
 c - a +0 pair of gloves (worn)
 f - a +0 ring mail (worn)
 i - a +0 ring mail
Jewellery
 d - a ring of poison resistance (left hand)


   Skills:
 + Level 5.0 Fighting
 + Level 2.0 Short Blades
 + Level 2.0 Long Blades
 + Level 6.8 Axes
 + Level 2.0 Maces & Flails
 + Level 2.0 Polearms
 + Level 2.0 Staves
 + Level 2.0 Ranged Weapons
 + Level 2.0 Throwing
 + Level 2.0 Armour
 + Level 5.0 Dodging
 + Level 2.0 Stealth
 + Level 2.0 Shields
 + Level 2.0 Unarmed Combat
 + Level 5.4 Spellcasting
 + Level 5.6 Conjurations
 + Level 1.5 Hexes
 + Level 1.5 Summonings
 + Level 1.5 Necromancy
 + Level 1.5 Translocations
 + Level 1.5 Transmutations
 + Level 1.5 Fire Magic
 + Level 1.5 Ice Magic
 + Level 1.5 Air Magic
 + Level 1.5 Earth Magic
 + Level 1.5 Poison Magic
 + Level 2.2 Invocations
 + Level 2.0 Evocations


You had 15 spell levels left.
You didn't know any spells.
Your spell library contained the following spells:

 Spells                   Type           Power      Damage    Failure   Level
 Kiss of Death            Conj/Necr      60%        2d10      7%          1
 Momentum Strike          Conj/Tloc      30%        3d8       11%         2
 Hailstorm                Conj/Ice       15%        3d5       22%         3
 Volatile Blastmotes      Fire/Tloc      18%        2d11      43%         3
 Fulminant Prism          Conj/Hex       7%         3d7       56%         4
 Iskenderun's Mystic Bla  Conj/Tloc      15%        2d5       56%         4
 Lee's Rapid Deconstruct  Erth           4%         3d5*      99%         5


Dungeon Overview and Level Annotations

Branches:
Dungeon (6/15)
 Temple: D:4-7

Altars:

Shops:
D:4 [

Annotations:
D:4 1 transporter


Innate Abilities, Weirdness & Mutations

You have very sharp teeth.
Your uncanny sense of smell can sniff out nearby items.
Your experience applies equally to all skills.


Message History

The hound bites you but does no damage. The hound barely misses you.
Something hits you but does no damage. The hound bites you but does no damage.
The orc hits you with a +0 dagger. Something hits you.
You hit the orc. Your bite misses the orc.
The orc is severely wounded.
The hound bites you but does no damage. The hound barely misses you.
The orc hits you with a +0 dagger.
You hear some strange, mumbled words.
You are confused.
The orc closely misses you.
A hound comes into view.
The hound closely misses you. The orc hits you with a +0 dagger.
The orc hits you with a +0 falchion. Something hits you.
You closely miss the orc.
The hound barks!
You bite the orc, but do no damage.
The orc is severely wounded.
The hound bites you. The hound barely misses you.
The orc completely misses you.
You hear some strange, mumbled words.
A magic dart appears from out of thin air!
The magic dart hits you. The orc barely misses you.
The hound barely misses you. The orc misses you. Something hits you.
The orc hits you with a +0 falchion.
You miss the hound. The hound barely misses you. The hound bites you.
The orc hits you but does no damage. Something hits you.
* * * LOW HITPOINT WARNING * * *
The orc hits you with a +0 falchion.
* * * LOW HITPOINT WARNING * * *
The hound bites you but does no damage. The orc hits you with a +0 dagger.
* * * LOW HITPOINT WARNING * * *
The orc completely misses you. Something hits you.
* * * LOW HITPOINT WARNING * * *
You thump the orc!
You kill the orc!
You feel less confused. The hound bites you but does no damage.
The hound bites you.
* * * LOW HITPOINT WARNING * * *
Something hits you.
You die...

#..........## ##...#
#...........#####....#
#.............##.....#
#....................###
#......................#
#.......#..#...#........
##..>....#8.#..####......
#......o.#..#.## #......
##......{@#.8#######......
##...###.hh#.⌠8.........###
##...## ##..#.......8...##
##...## #(.#############
##...## #.... #.#### ......
### ..(... ...##..


You could see 2 hounds and an orc.

Vanquished Creatures
  A black bear (D:4)
  An ice beast (D:6)
  An orc priest (D:4)
  An iguana (D:4)
  3 adders
  A dart slug (D:4)
  4 orcs
  7 ball pythons
  2 goblins (D:4)
  2 hobgoblins
  3 kobolds
  A quokka (D:4)
  2 bats
  A rat (D:1)
30 creatures vanquished.

Notes
Turn   | Place    | Note
-------+----------+-------------------------------------------
     0 | D:1      | shade12474890 the Gnoll Reaver began the quest for the Orb.
     0 | D:1      | Reached XP level 1. HP: 20/20 MP: 6/6
   341 | D:2      | Reached XP level 2. HP: 19/23 MP: 7/7
   488 | D:4      | Reached skill level 5 in Spellcasting
   488 | D:4      | Reached skill level 1 in Invocations
   488 | D:4      | Reached XP level 3. HP: 15/31 MP: 7/9
   541 | D:4      | Found Wetwus's Antique Armour Emporium.
   614 | D:3      | Identified the +8 mace "Puufur" {heavy, rF+ Int+3}
   643 | D:3      | Reached skill level 1 in Short Blades
   643 | D:3      | Reached skill level 1 in Long Blades
   643 | D:3      | Reached skill level 1 in Maces & Flails
   643 | D:3      | Reached skill level 1 in Polearms
   643 | D:3      | Reached skill level 1 in Staves
   643 | D:3      | Reached skill level 1 in Ranged Weapons
   643 | D:3      | Reached skill level 1 in Throwing
   643 | D:3      | Reached skill level 1 in Armour
   643 | D:3      | Reached skill level 1 in Stealth
   643 | D:3      | Reached skill level 1 in Shields
   643 | D:3      | Reached skill level 1 in Unarmed Combat
   643 | D:3      | Reached skill level 1 in Evocations
   643 | D:3      | Found a faded altar of an unknown god.
   672 | D:3      | Reached XP level 4. HP: 11/38 MP: 11/11
   836 | D:4      | Reached skill level 1 in Hexes
   836 | D:4      | Reached skill level 1 in Summonings
   836 | D:4      | Reached skill level 1 in Necromancy
   836 | D:4      | Reached skill level 1 in Translocations
   836 | D:4      | Reached skill level 1 in Transmutations
   836 | D:4      | Reached skill level 1 in Fire Magic
   836 | D:4      | Reached skill level 1 in Ice Magic
   836 | D:4      | Reached skill level 1 in Air Magic
   836 | D:4      | Reached skill level 1 in Earth Magic
   836 | D:4      | Reached skill level 1 in Poison Magic
   890 | D:4      | Found a transporter.
   892 | D:4      | Noticed a black bear
   897 | D:4      | Killed a black bear
   898 | D:4      | Reached XP level 5. HP: 33/43 MP: 12/12
   912 | D:4      | You fall into a shaft and drop 1 floor!
   912 | D:5      | Entered Level 5 of the Dungeon
  1034 | D:6      | Noticed an ice beast
  1043 | D:6      | Killed an ice beast
  1044 | D:6      | Reached skill level 5 in Fighting
  1044 | D:6      | Reached skill level 5 in Dodging
  1044 | D:6      | Reached XP level 6. HP: 18/51 MP: 14/14
  1256 | D:6      | HP: 1/51 [hound (4)]
  1256 | D:6      | Slain by an orc wizard

Illustrated notes

Levels and vault maps discovered:
D:1:      minmay_arrival_open_corners, layout_loops_corners, minmay_surrounded
D:2:      layout_basic
D:3:      layout_basic, nicolae_ecumenical_snake_handling,
          chequers_serial_rivers_marsh, minmay_misc_feat_iff
D:4:      layout_loops_ring, serial_shops, shop, gammafunk_ghost_stat_death
D:5:      layout_loops_cross, minmay_temple_entry_overgrown,
          nicolae_shop_unique_rings, minmay_strange_pillars,
          kennysheep_generic_room_12, uniq_pikel, uniq_crazy_yiuf_cottage
D:6:      minmay_evil_eye, layout_layer_cave, st_stairs_12,
          grunt_decor_fettered, corexii_leaking_fountain,
          chequers_decorated_corner, grunt_decor_one_mirror

Skill      XL: |  1  2  3  4  5 |
---------------+----------------+-----
Spellcasting   | 5 |  5.4
Invocations    | 1 2 |  2.2
Short Blades   | 1 2 |  2.0
Long Blades    | 1 2 |  2.0
Maces & Flails | 1 2 |  2.0
Polearms       | 1 2 |  2.0
Staves         | 1 2 |  2.0
Ranged Weapons | 1 2 |  2.0
Throwing       | 1 2 |  2.0
Armour         | 1 2 |  2.0
Stealth        | 1 2 |  2.0
Shields        | 1 2 |  2.0
Unarmed Combat | 1 2 |  2.0
Evocations     | 1 2 |  2.0
Hexes          | 1 |  1.5
Summonings     | 1 |  1.5
Necromancy     | 1 |  1.5
Translocations | 1 |  1.5
Transmutations | 1 |  1.5
Fire Magic     | 1 |  1.5
Ice Magic      | 1 |  1.5
Air Magic      | 1 |  1.5
Earth Magic    | 1 |  1.5
Poison Magic   | 1 |  1.5
Fighting       | 5 |  5.0
Dodging        | 5 |  5.0
Axes           | |  6.8
Conjurations   | |  5.6

Action                     |  1- 3 |  4- 6 || total
---------------------------+-------+-------++-------
  Melee: Hand axe          |    47 |       ||    47
         Bite              |     6 |     3 ||     9
         Mace              |    12 |    23 ||    35
  Throw: Dart              |       |     6 ||     6
         Stone             |       |     1 ||     1
   Cast: Kiss of Death     |     1 |       ||     1
    Use: Potion            |     5 |       ||     5
         Scroll            |     4 |     1 ||     5
 Armour: Leather armour    |    28 |       ||    28
         Ring mail         |    17 |    16 ||    33
  Dodge: Dodged            |    45 |    32 ||    77
